 Dungeon Crawl Stone Soup version 0.31-a0-1074-g0b22e4e0f1 (webtiles) character file.

Game seed: 10675456916112848960

188991 Dittersdorf the Slayer (level 18, -7/118 HPs)
             Began as a Gargoyle Fighter on Dec 6, 2023.
             Was an Initiate of Gozag.
             Mangled by a deep elf blademaster
             ... wielding a +2 short sword of draining
              (15 damage)
             ... on level 2 of the Elven Halls.
             The game lasted 01:06:40 (36656 turns).

Dittersdorf the Slayer (Gargoyle Fighter)          Turns: 36656, Time: 01:06:40

Health: -7/118     AC: 43    Str: 26    XL:     18   Next: 56%
Magic:  18/18      EV: 10    Int: 18    God:    Gozag
Gold:   6030       SH:  0    Dex:  8    Spells: 17/17 levels left

rFire   . . .        B - +2 demon whip (pain)
rCold   + + .        Q - +2 kite shield {rC+}
rNeg    + . .        N - quicksilver dragon scales
rPois   ∞            m - +0 hat {Stlth+}
rElec   +            L - +2 cloak of Sif Inia {Regen+ SInv}
rCorr   .            O - +1 pair of gloves
SInv    +            M - +1 pair of boots {rampage}
Will    ++++.        a - amulet of Sohiaskio {-Tele rPois Will+ Regen+}
Stlth   ++           l - ring "Wyxourr" {AC+4 Stlth+}
HPRegen 1.19/turn    T - ring "Iqaunt" {rElec rC+ Will+ Int+4}
MPRegen 0.16/turn

%: no teleportation, rampage
@: confused, ambrosia-drunk, flying
A: sickness immunity, AC +13, big wings, negative energy resistance 1,
electricity resistance, torment resistance 1, petrification resistance, large
bone plates 1, clever 1, frail 1
a: Renounce Religion, Potion Petition, Call Merchant, Bribe Branch


You were on level 2 of the Elven Halls.
You worshipped Gozag.
Gozag was greatly pleased with you.
You visited 5 branches of the dungeon, and saw 26 of its levels.
You visited the Abyss 1 time.
You also visited: Sewer, Gauntlet, Volcano and Desolation.

You collected 10622 gold pieces.
You spent 1957 gold pieces at shops.
You paid 2635 gold pieces to Gozag.

Inventory:

Hand Weapons
 B - a +2 demon whip of pain (weapon)
Missiles
 v - 5 throwing nets
Armour
 e - a +1 plate armour of cold resistance
 m - a +0 hat of stealth (worn)
 D - a +2 chain mail of fire resistance
 L - the +2 cloak of Sif Inia (worn) {Regen+ SInv}
   (You found it in a Gauntlet)

   SInv:      It lets you see invisible.
   Regen+:    It increases your rate of health regeneration.
 M - a +1 pair of boots of rampaging (worn)
 N - quicksilver dragon scales (worn)
 O - a +1 pair of gloves (worn)
 Q - a +2 kite shield of cold resistance (worn)
Jewellery
 a - the amulet of Sohiaskio (around neck) {-Tele rPois Will+ Regen+}
   (You found it in the Desolation of Salt)

   [amulet of regeneration]

   rPois:     It protects you from poison Will+: It increases your willpower.
   -Tele:     It prevents most forms of teleportation.
   Regen+:    It increases your rate of health regeneration.
 i - a ring of fire
 k - an amulet of reflection
 l - the ring "Wyxourr" (left hand) {AC+4 Stlth+}
   (You found it in the Desolation of Salt)

   [ring of protection]

   AC+4:      It affects your AC (+4).
   Stlth+:    It makes you more stealthy.
 q - a ring of ice
 F - a ring of willpower
 T - the ring "Iqaunt" (right hand) {rElec rC+ Will+ Int+4}
   (You bought it in a shop on level 2 of the Orcish Mines)

   [ring of willpower]

   Int+4:     It affects your intelligence (+4).
   rC+:       It protects you from cold.
   rElec:     It insulates you from electricity.
   Will+:     It increases your willpower.
Wands
 b - a wand of acid (14) (quivered)
 c - a wand of digging (5)
Scrolls
 g - 2 scrolls of summoning
 j - 5 scrolls of enchant weapon
 w - 5 scrolls of teleportation
 z - 5 scrolls of fog
 G - a scroll of enchant armour
 H - 4 scrolls of identify
 I - a scroll of brand weapon
 J - a scroll of silence
 R - a scroll of revelation
Potions
 f - 3 potions of cancellation
 h - 5 potions of haste
 n - a potion of heal wounds
 o - a potion of magic
 p - 6 potions of mutation
 s - 3 potions of enlightenment
 t - a potion of invisibility
 u - 3 potions of berserk rage
 x - a potion of resistance
 A - 4 potions of brilliance
Miscellaneous
 P - a phantom mirror


   Skills:
 + Level 21.3 Fighting
 + Level 15.9 Maces & Flails
 + Level 17.4 Armour
 + Level 17.4 Shields


You had 17 spell levels left.
You didn't know any spells.
Your spell library contained the following spells:

 Spells                   Type           Power      Damage    Failure   Level
 Foxfire                  Conj/Fire      0%         2x1d4     36%         1
 Kiss of Death            Conj/Necr      0%         2d5       36%         1
 Magic Dart               Conj           0%         1d3       36%         1
 Necrotise                Necr           0%         1d4       36%         1
 Shock                    Conj/Air       0%         1d3       36%         1
 Summon Small Mammal      Summ           0%         N/A       36%         1
 Static Discharge         Conj/Air       0%         3-3/arc   50%         2
 Ignite Poison            Fire/Tmut/Pois 0%         N/A       75%         3
 Ozocubu's Armour         Ice            0%         N/A       75%         3
 Swiftness                Air            0%         N/A       75%         3
 Vampiric Draining        Necr           0%         2d6       75%         3
 Airstrike                Air            0%         2d(0-16)  98%         4
 Animate Armour           Summ/Erth      0%         N/A       98%         4
 Cause Fear               Hex            0%         N/A       98%         4
 Dispel Undead            Necr           0%         3d6       98%         4
 Flame Wave               Conj/Fire      0%         2d4       98%         4
 Manifold Assault         Tloc           0%         N/A       98%         4
 Olgreb's Toxic Radiance  Pois           0%         N/A       98%         4
 Petrify                  Tmut/Erth      0%         N/A       98%         4
 Sticky Flame             Conj/Fire      0%         2d3       98%         4
 Summon Lightning Spire   Summ/Air       0%         N/A       98%         4
 Agony                    Necr           0%         N/A       100%        5
 Alistair's Intoxication  Tmut/Pois      0%         N/A       100%        5
 Arcjolt                  Conj/Air       0%         1d10      100%        5
 Borgnjor's Vile Clutch   Necr/Erth      0%         N/A       100%        5
 Fireball                 Conj/Fire      0%         3d3       100%        5
 Irradiate                Conj/Tmut      0%         3d11      100%        5
 Iskenderun's Battlesphe  Conj           0%         2d6       100%        5
 Lee's Rapid Deconstruct  Erth           0%         3d4*      100%        5
 Metabolic Englaciation   Hex/Ice        0%         N/A       100%        5
 Summon Forest            Summ/Tloc      0%         N/A       100%        5
 Summon Mana Viper        Hex/Summ       0%         N/A       100%        5
 Bombard                  Conj/Erth      0%         9d1       100%        6
 Death Channel            Necr           0%         N/A       100%        6
 Dispersal                Tloc           0%         N/A       100%        6
 Plasma Beam              Fire/Air       0%         2x1d10    100%        6
 Starburst                Conj/Fire      0%         6d3       100%        6
 Summon Cactus Giant      Summ           0%         N/A       100%        6
 Haunt                    Necr/Summ      0%         N/A       100%        7
 Orb of Destruction       Conj           0%         9d5       100%        7
 Spellforged Servitor     Conj/Summ      0%         N/A       100%        7
 Disjunction              Tloc           0%         N/A       100%        8
 Ignition                 Fire           0%         3d3       100%        8
 Infestation              Necr           0%         N/A       100%        8
 Dragon's Call            Summ           0%         N/A       100%        9
 Cigotuvi's Dreadful Rot  Necr/Pois/Air  Unusable   N/A       N/A         2
 Animate Dead             Necr           Unusable   N/A       N/A         4

Dungeon Overview and Level Annotations

Branches:
Dungeon (15/15)            Temple (1/1) D:7            Lair (5/5) D:8
  Swamp (0/4) Lair:2       Spider (0/4) Lair:2        Slime (0/5) Lair:4
    Orc (2/2) D:12            Elf (3/3) Orc:2        Vaults (0/5) D:14
 Depths (0/4) D:15          Sewer (visited)         Volcano (visited)
Desolation (visited)      Gauntlet (visited)

Altars:
Ashenzari
Cheibriados
Dithmenos
Elyvilon
Fedhas
Gozag
Hepliaklqana
Kikubaaqudgha
Makhleb
Nemelex Xobeh
Okawaru
Qazlal
Ru
Sif Muna
Trog
Uskayaw
Vehumet
Wu Jian
Xom
Yredelemnul
Zin
The Shining One
Jiyva

Shops:
D:1 ([?(   D:4 [   Orc:2 ([*=   Elf:3 !((:

Portals:
Abyss: Lair:1
Trove: Elf:1 (give +2 fire dragon scales)


Innate Abilities, Weirdness & Mutations

You are immune to sickness and miasma.
Your stone body is resilient. (AC +13)
You are immune to poison.
Your large and strong wings let you fly.
You resist negative energy. (rN+)
You are resistant to electric shocks. (rElec)
You are resistant to unholy torment.
You are immune to petrification.
You are partially covered in large bone plates. (SH +4)
Your mind is acute. (Int +4, Str/Dex -1)
You are frail. (-10% HP)


Message History

You start putting on your amulet.
You continue putting on the amulet of Sohiaskio {-Tele rPois Will+ Regen+}.
You block the deep elf blademaster's attack.
The deep elf blademaster hits you but does no damage.
You block the deep elf blademaster's attack. x2
You continue putting on the amulet of Sohiaskio {-Tele rPois Will+ Regen+}.
The deep elf blademaster hits you but does no damage.
You block the deep elf blademaster's attack.
You continue putting on the amulet of Sohiaskio {-Tele rPois Will+ Regen+}.
The deep elf blademaster hits you but does no damage.
You block the deep elf blademaster's attack.
The deep elf blademaster hits you with a +2 short sword of draining!
* * * LOW HITPOINT WARNING * * *
You block the deep elf blademaster's attack.
You continue putting on the amulet of Sohiaskio {-Tele rPois Will+ Regen+}.
You block the deep elf blademaster's attack.
The deep elf blademaster hits you but does no damage.
You continue putting on the amulet of Sohiaskio {-Tele rPois Will+ Regen+}.
The deep elf blademaster hits you but does no damage.
You block the deep elf blademaster's attack.
The deep elf blademaster hits you but does no damage.
The deep elf blademaster hits you with a +2 short sword of draining!
* * * LOW HITPOINT WARNING * * *
You finish putting on the amulet of Sohiaskio {-Tele rPois Will+ Regen+}.
The amulet of Sohiaskio cannot attune itself to your injured body.
a - the amulet of Sohiaskio (around neck) {-Tele rPois Will+ Regen+} You are confused.
You feel invigorated.
The deep elf blademaster hits you but does no damage. x2
The deep elf blademaster attacks as it pursues you!
The deep elf blademaster hits you but does no damage. x4
The deep elf blademaster attacks as it pursues you!
The deep elf blademaster hits you but does no damage.
The deep elf blademaster hits you with a +2 short sword of draining!
* * * LOW HITPOINT WARNING * * *
The deep elf blademaster barely misses you.
The deep elf blademaster hits you but does no damage. x2
The deep elf blademaster hits you with a +2 short sword of draining!
You die...
Your body crumbles into a pile of gold.

........###.# #.# #.#
.......####'###'####'##
####.........#........##
##........[...........##
##...............<......#
.'.....................##
##.........)..>.......##
##............e.....##
##........#...@...##
##......###.....##
######## #######


You could see a deep elf blademaster.

Vanquished Creatures
  A deep elf blademaster (Elf:2)
  A tentacled starspawn (Lair:1)
  A deep elf sorcerer (Elf:1)
  2 angels (Elf:2)
  An orc warlord (Orc:2)
  2 stone giants
  A deep elf demonologist (Elf:3)
  Azrael (Orc:1)
  The ghost of Rutzi the Markskobold, a journeyman KoHu of Dithmenos (Orc:1)
  A minotaur (Gauntlet)
  A halazid warlock (Desolation)
  The ghost of SecretSquirrel the Severer, a journeyman BaFi of Okawaru (D:12)
  2 crystal guardians (Desolation)
  A deep elf death mage (Elf:3)
  The ghost of Swimmer the Cleaver, a journeyman MiFi of Qazlal (D:11)
  4 vault guards
  Josephine (D:10)
  2 rakshasas (D:15)
  Erolcha (D:9)
  4 servants of whispers (Desolation)
  Harold (D:9)
  5 hydras
  An ogre mage (D:15)
  8 ragged hierophants (Desolation)
  3 peacekeepers (Desolation)
  5 centaur warriors
  2 boulder beetles
  8 two-headed ogres
  The ghost of Midpoint the Jinx, a journeyman OpEn of Vehumet (Lair:1)
  21 dancing weapons
  A death knight (D:13)
  11 death yaks
  An occultist (Elf:2)
  3 tengu warriors
  7 orc high priests
  18 deep elf knights
  Nergalle (D:10)
  4 skysharks
  A soul eater (Lair:1)
  A fire crab (shapeshifter) (Orc:2)
  6 skeletal warriors
  13 deep elf archers
  An arcanist (Gauntlet)
  18 deep elf zephyrmancers
  2 orange crystal statues
  31 deep elf pyromancers
  A phantasmal warrior (D:13)
  9 large abominations
  5 orc knights
  A necromancer (Elf:3)
  4 orc sorcerers
  A salamander (shapeshifter) (D:15)
  A wolf spider (Lair:2)
  A manticore (D:14)
  7 cyclopes
  27 ugly things
  7 elephants
  4 black mambas
  2 guardian serpents (Desolation)
  Joseph (D:9)
  3 gargoyles
  12 cane toads
  An unseen horror (D:10)
  A kobold demonologist (D:14)
  3 rime drakes
  A yaktaur (shapeshifter) (D:12)
  A tengu conjurer (D:15)
  5 komodo dragons
  A freezing wraith (D:14)
  2 efreet
  11 trolls
  2 meliai (D:14)
  5 polar bears
  7 hornets
  36 saltlings (Desolation)
  7 dream sheep
  7 blink frogs (Lair:5)
  A tarantella (shapeshifter) (D:14)
  Sigmund (D:5)
  A vampire (D:11)
  4 air elementals
  16 spriggans
  22 slime creatures
  7 small abominations (Elf:2)
  3 shadows
  2 wyverns
  A centaur simulacrum (D:12)
  A spriggan (shapeshifter) (D:12)
  3 water elementals
  51 yaks
  10 wraiths
  2 basilisks
  A steam dragon (D:7)
  A human (shapeshifter) (Elf:2)
  6 fire elementals
  A redback simulacrum (D:15)
  A redback (Lair:2)
  A neqoxec (D:12)
  7 wargs
  3 acid dragons
  Duvessa (D:5)
  4 hell hounds
  4 ice beasts
  13 water moccasins
  49 orc warriors
  An ice beast (shapeshifter) (D:12)
  6 black bears
  6 ogres
  2 sky beasts
  A black bear (shapeshifter) (Elf:2)
  A tengu (shapeshifter) (D:12)
  4 boggarts (Lair:5)
  27 wolves
  5 kobold brigands
  2 phantoms (D:4)
  18 bullfrogs
  4 elf zombies (Elf:3)
  5 gnoll sergeants
  3 earth elementals
  3 scorpions (D:4)
  3 two-headed ogre simulacra (D:12)
  A scorpion (shapeshifter) (D:12)
  7 wights
  6 killer bees
  Dowan (D:5)
  2 elephant simulacra (D:12)
  5 electric eels
  6 hounds
  7 jellies
  25 orc priests
  Crazy Yiuf (D:7)
  2 gnoll boudas (D:5)
  2 iguanas (D:7)
  29 orc wizards
  A sleepcap (D:6)
  19 gnolls
  8 adders
  3 naga simulacra (D:12)
  2 river rats (Sewer)
  5 white imps
  5 ufetubi
  5 worms
  A dart slug (D:1)
  100 orcs
  12 ball pythons
  21 endoplasms
  8 giant cockroaches
  7 goblins
  4 hobgoblins
  5 jackals
  14 kobolds
  A quokka (D:1)
  9 bats
  6 frilled lizards
  9 rats
1027 creatures vanquished.

Vanquished Creatures (others)
  A deep elf zephyrmancer (Elf:2)
  2 deep elf pyromancers (Elf:1)
  A water elemental (Elf:1)
  A kobold (D:8)
  4 starspawn tentacles (Lair:1)
9 creatures vanquished.

Grand Total: 1036 creatures vanquished

Notes
Turn   | Place    | Note
-------+----------+-------------------------------------------
     0 | D:1      | Dittersdorf the Gargoyle Fighter began the quest for the
                  | Orb.
     0 | D:1      | Reached XP level 1. HP: 14/14 MP: 1/1
    97 | D:1      | Found Aliuxam's Magic Scroll Emporium.
   119 | D:1      | Reached XP level 2. HP: 19/19 MP: 2/2
   335 | D:1      | Reached XP level 3. HP: 18/23 MP: 3/3
   595 | D:2      | Found a snail-covered altar of Cheibriados.
   847 | D:2      | Found a faded altar of an unknown god.
  1390 | D:3      | Reached XP level 4. HP: 24/29 MP: 4/4
  1648 | D:3      | Reached skill level 4 in Fighting
  2565 | D:4      | Noticed a scorpion
  2578 | D:4      | Killed a scorpion
  2579 | D:4      | Reached XP level 5. HP: 30/33 MP: 5/5
  2723 | D:4      | Found a sparkling altar of Nemelex Xobeh.
  2743 | D:4      | Noticed a phantom
  2772 | D:4      | Killed a phantom
  2773 | D:4      | Reached XP level 6. HP: 26/39 MP: 6/6
  3054 | D:4      | Found Tuczo's Armour Boutique.
  3173 | D:4      | Reached skill level 5 in Shields
  3177 | D:4      | Reached skill level 5 in Fighting
  3177 | D:4      | Reached skill level 5 in Armour
  3177 | D:4      | Reached XP level 7. HP: 34/44 MP: 7/7
  3652 | D:5      | Entered Level 5 of the Dungeon
  3917 | D:5      | Found a glowing drain.
  3949 | Sewer    | Entered a sewer
  4140 | Sewer    | Found a viscous altar of Jiyva.
  4147 | Sewer    | Reached XP level 8. HP: 37/51 MP: 8/8
  4339 | D:5      | Reached skill level 14 in Fighting
  4339 | D:5      | Reached XP level 9. HP: 58/70 MP: 9/9
  4711 | D:4      | Reached skill level 5 in Maces & Flails
  4742 | D:5      | Noticed Sigmund
  4756 | D:5      | Killed Sigmund
  4759 | D:5      | Noticed Dowan
  4760 | D:5      | Noticed Duvessa
  4772 | D:5      | Killed Duvessa
  4774 | D:5      | Killed Dowan
  4816 | D:5      | Found a stormy altar of Qazlal.
  5864 | D:6      | Reached skill level 15 in Fighting
  5864 | D:6      | Reached XP level 10. HP: 73/76 MP: 10/10
  5875 | D:6      | Identified the +1 robe of Qawohuxa {Dex+4}
  6017 | D:6      | Found a bloodstained altar of Trog.
  6569 | D:7      | Found a runed translucent door.
  6570 | D:7      | Noticed Crazy Yiuf
  6688 | D:7      | Found a staircase to the Ecumenical Temple.
  6699 | Temple   | Entered the Ecumenical Temple
  6705 | Temple   | Became a worshipper of Gozag Ym Sagoz the Greedy
  7493 | D:7      | Killed Crazy Yiuf
  7552 | D:8      | Noticed a two-headed ogre
  7569 | D:7      | Killed a two-headed ogre
  7693 | D:8      | Noticed an elephant
  7737 | D:7      | Killed an elephant
  7805 | D:8      | Found a staircase to the Lair.
  7897 | D:8      | Identified the maw talisman of Dyhim {rElec Str+3 Int+4
                  | Dex-3}
  8003 | D:8      | Noticed a two-headed ogre
  8008 | D:8      | Killed a two-headed ogre
  8009 | D:8      | Reached XP level 11. HP: 82/82 MP: 11/11
  8198 | D:8      | Found a hazy altar of Hepliaklqana.
  8908 | D:9      | Noticed a deep elf pyromancer
  8923 | D:9      | Killed a deep elf pyromancer
  8964 | D:9      | Noticed Harold
  8981 | D:9      | Killed Harold
  9234 | D:9      | Noticed Joseph
  9247 | D:9      | Killed Joseph
  9310 | D:9      | Found a hide-covered altar of Uskayaw.
  9507 | D:9      | Noticed a two-headed ogre
  9513 | D:9      | Killed a two-headed ogre
  9692 | D:9      | Noticed Erolcha
  9704 | D:9      | Killed Erolcha
  9778 | D:10     | Entered Level 10 of the Dungeon
  9781 | D:10     | Noticed Nergalle
  9793 | D:10     | Noticed a spectral orc warlord
  9795 | D:10     | Killed Nergalle
  9796 | D:10     | Reached skill level 16 in Fighting
  9894 | D:10     | Found a broken altar of Ashenzari.
 10012 | D:10     | Reached XP level 12. HP: 75/88 MP: 12/12
 10270 | D:10     | Noticed Josephine
 10278 | D:10     | Killed Josephine
 10651 | D:10     | Found a sacrificial altar of Ru.
 11139 | Lair:1   | Entered Level 1 of the Lair of Beasts
 11152 | Lair:1   | Found a transporter.
 11227 | Lair:1   | Found a dark tunnel.
 11247 | Volcano  | Entered a volcano
 11313 | Volcano  | Noticed a stone giant
 11320 | Volcano  | Killed a stone giant
 11415 | Volcano  | Identified the staff of Terror {Drain rF+ rCorr Fire Ice}
 11773 | Lair:1   | Noticed a tentacled starspawn
 11860 | Lair:1   | Found a transporter.
 11870 | Lair:1   | Found a one-way gate to the infinite horrors of the Abyss.
 11873 | Lair:1   | Noticed Midpoint's ghost (journeyman OpEn)
 11904 | Lair:1   | Noticed a soul eater
 11928 | Lair:1   | Noticed a boulder beetle
 11964 | Lair:1   | Killed a boulder beetle
 11965 | Lair:1   | Reached skill level 10 in Armour
 12714 | D:1      | Bought a scroll of acquirement for 728 gold pieces
 12714 | D:1      | Acquired 766 gold pieces
 12871 | Lair:2   | Reached skill level 10 in Shields
 12930 | Lair:2   | Noticed a death yak
 12930 | Lair:2   | Noticed a death yak
 12931 | Lair:2   | Noticed a death yak
 12931 | Lair:2   | Noticed a death yak
 12931 | Lair:2   | Noticed a death yak
 12947 | Lair:2   | Noticed a skyshark
 12960 | Lair:2   | Noticed a death yak
 12970 | Lair:2   | Killed a death yak
 12972 | Lair:2   | Killed a death yak
 12982 | Lair:2   | Killed a death yak
 12999 | Lair:1   | Killed a death yak
 13231 | Lair:1   | Killed a death yak
 13236 | Lair:1   | Killed a death yak
 13241 | Lair:1   | Killed a skyshark
 13319 | Lair:1   | Reached XP level 13. HP: 95/95 MP: 13/13
 13395 | Lair:2   | Found an opulent altar of Gozag.
 13620 | Lair:2   | Found a hole to the Spider Nest.
 13807 | Lair:2   | Found a staircase to the Swamp.
 14498 | Lair:3   | Reached skill level 17 in Fighting
 14741 | Lair:3   | Reached skill level 10 in Maces & Flails
 15934 | Lair:4   | Found a staircase to the Slime Pits.
 15934 | Lair:4   | Found a viscous altar of Jiyva.
 16598 | Lair:5   | Entered Level 5 of the Lair of Beasts
 16827 | Lair:5   | Identified the +4 hand axe of the Old World {speed, Dex+4
                  | SInv}
 16929 | Lair:5   | Gained mutation: Your large and strong wings let you fly.
                  | [Gargoyle growth]
 16929 | Lair:5   | Reached XP level 14. HP: 86/102 MP: 14/14
 17541 | Lair:5   | Reached skill level 18 in Fighting
 18319 | Lair:5   | Identified the +0 scale mail of the Catamount {rC+ Will+}
 18907 | D:1      | Bought a glowing demon whip for 468 gold pieces
 19598 | D:11     | Found a runed translucent door.
 19598 | D:11     | Noticed Swimmer's ghost (journeyman MiFi)
 19969 | D:11     | Killed Swimmer's ghost
 20148 | Lair:1   | Killed a tentacled starspawn
 20158 | Lair:1   | Killed Midpoint's ghost
 20179 | Abyss:2  | Cast into level 2 of the Abyss (spriggan rider)
 20180 | Abyss:2  | Found a corrupted altar of Lugonu.
 20307 | Abyss:2  | Found a corrupted altar of Lugonu.
 20330 | Abyss:4  | Found a shadowy altar of Dithmenos.
 20334 | Abyss:4  | Noticed a starflower
 20335 | Abyss:4  | Noticed a starflower
 20354 | Lair:1   | Escaped the Abyss
 20931 | D:12     | Reached XP level 15. HP: 106/109 MP: 15/15
 20985 | D:12     | Found a gate leading to a gauntlet.
 20996 | Gauntlet | Entered a Gauntlet
 20996 | Gauntlet | Found a transporter.
 21006 | Gauntlet | Found a transporter.
 21020 | Gauntlet | Found a transporter.
 21025 | Gauntlet | Found a transporter.
 21040 | Gauntlet | Found a transporter.
 21059 | Gauntlet | Found a transporter.
 21071 | Gauntlet | Found a transporter.
 21077 | Gauntlet | Found a transporter.
 21092 | Gauntlet | Found a transporter.
 21100 | Gauntlet | Found a large runed translucent door.
 21101 | Gauntlet | Found a large runed translucent door.
 21102 | Gauntlet | Found a large runed translucent door.
 21102 | Gauntlet | Found a large runed translucent door.
 21103 | Gauntlet | Found a runed translucent gate.
 21104 | Gauntlet | Found a transporter.
 21104 | Gauntlet | Found a runed translucent gate.
 21105 | Gauntlet | Found a runed translucent gate.
 21106 | Gauntlet | Found a large runed translucent door.
 21106 | Gauntlet | Found a large runed translucent door.
 21107 | Gauntlet | Found a large runed translucent door.
 21108 | Gauntlet | Found a large runed translucent door.
 21116 | Gauntlet | Found a transporter.
 21133 | Gauntlet | Found a transporter.
 21146 | Gauntlet | Found a large runed translucent door.
 21147 | Gauntlet | Found a large runed translucent door.
 21148 | Gauntlet | Found a large runed translucent door.
 21148 | Gauntlet | Found a large runed translucent door.
 21149 | Gauntlet | Found a runed translucent door.
 21150 | Gauntlet | Found a transporter.
 21151 | Gauntlet | Found a runed translucent door.
 21152 | Gauntlet | Found a transporter.
 21152 | Gauntlet | Found a large runed translucent door.
 21152 | Gauntlet | Found a large runed translucent door.
 21153 | Gauntlet | Found a large runed translucent door.
 21299 | Gauntlet | Found a large runed translucent door.
 21303 | Gauntlet | Found a transporter.
 21384 | Gauntlet | Found a transporter.
 21387 | Gauntlet | Found a transporter.
 21468 | Gauntlet | Found a transporter.
 21528 | Gauntlet | Identified the +2 cloak of Sif Inia {Regen+ SInv}
 21866 | Gauntlet | Identified the +4 war axe "Hiarghi" {flame, rPois rF+ rC+}
 22040 | D:12     | Found a runed translucent gate.
 22040 | D:12     | Found a runed translucent gate.
 22041 | D:12     | Found a runed translucent gate.
 22042 | D:12     | Noticed a ghost moth
 22260 | D:12     | Found a staircase to the Orcish Mines.
 23094 | D:12     | Found a runed translucent gate.
 23094 | D:12     | Found a runed translucent gate.
 23101 | D:12     | Found a runed translucent gate.
 23106 | D:12     | Noticed SecretSquirrel's ghost (journeyman BaFi)
 23146 | D:12     | Gained mutation: You have hidden genetic defects. [a
                  | neqoxec]
 23166 | D:12     | Killed SecretSquirrel's ghost
 23207 | D:12     | Lost mutation: You have hidden genetic defects. [potion of
                  | mutation]
 23207 | D:12     | Gained mutation: You have a pair of small antennae on your
                  | head. [potion of mutation]
 23207 | D:12     | Gained mutation: You have a somewhat thin skeletal
                  | structure. (Dex +2, Stealth+) [potion of mutation]
 23240 | D:12     | Gained mutation: You occasionally shout uncontrollably at
                  | your foes. [mutagenic glow]
 23365 | D:12     | Lost mutation: You have a somewhat thin skeletal structure.
                  | (Dex +2, Stealth+) [potion of mutation]
 23365 | D:12     | Lost mutation: You occasionally shout uncontrollably at
                  | your foes. [potion of mutation]
 23365 | D:12     | Gained mutation: You have supernaturally acute eyesight.
                  | (SInv) [potion of mutation]
 23391 | D:12     | Gained mutation: You are weak. (Str -2) [mutagenic glow]
 23464 | D:13     | Identified the +2 flail "Keashroru" {chaos, rC- rN+ rCorr
                  | Dex+5}
 23593 | D:13     | Identified the +6 rapier "Hucye" {heavy, rF++ rN+++ Int-4
                  | Dex-3}
 24450 | D:14     | Found a gate to the Vaults.
 24483 | D:14     | Reached skill level 19 in Fighting
 24918 | D:14     | Found a white marble altar of Elyvilon.
 25778 | D:14     | Reached XP level 16. HP: 90/116 MP: 16/16
 25951 | D:15     | Entered Level 15 of the Dungeon
 26045 | D:15     | Found a staircase to the Depths.
 26618 | D:15     | Reached skill level 15 in Armour
 26699 | D:15     | Reached skill level 15 in Shields
 27200 | Orc:1    | Entered Level 1 of the Orcish Mines
 27502 | Orc:2    | Entered Level 2 of the Orcish Mines
 27502 | Orc:2    | Noticed Azrael
 27557 | Orc:1    | Killed Azrael
 27713 | Orc:2    | Found a staircase to the Elven Halls.
 27910 | Orc:1    | Found a runed translucent door.
 27911 | Orc:1    | Found a shimmering altar of Xom.
 27911 | Orc:1    | Noticed Rutzi's ghost (journeyman KoHu)
 28131 | Orc:1    | Killed Rutzi's ghost
 28132 | Orc:1    | Identified the staff "Qugras" {Fragile rPois MP+9 Earth}
 28140 | Orc:1    | Got the Tractate on Violence
 29246 | Orc:2    | Gained mutation: You sometimes lose your temper in combat.
                  | [a neqoxec]
 29259 | Orc:2    | Gained mutation: You have an uncontrollable temper. [a
                  | neqoxec]
 29332 | Orc:2    | Lost mutation: You have an uncontrollable temper. [potion
                  | of mutation]
 29332 | Orc:2    | Lost mutation: You are weak. (Str -2) [potion of mutation]
 29332 | Orc:2    | Gained mutation: You have an uncontrollable temper. [potion
                  | of mutation]
 29332 | Orc:2    | Gained mutation: You have sharp toenails. [potion of
                  | mutation]
 29333 | Orc:2    | Lost mutation: You have sharp toenails. [potion of
                  | mutation]
 29333 | Orc:2    | Lost mutation: You have supernaturally acute eyesight.
                  | (SInv) [potion of mutation]
 29333 | Orc:2    | Lost mutation: You have an uncontrollable temper. [potion
                  | of mutation]
 29333 | Orc:2    | Gained mutation: You are dopey. (Int -2) [potion of
                  | mutation]
 29334 | Orc:2    | Lost mutation: You have a pair of small antennae on your
                  | head. [potion of mutation]
 29334 | Orc:2    | Lost mutation: You are dopey. (Int -2) [potion of mutation]
 29334 | Orc:2    | Lost mutation: You sometimes lose your temper in combat.
                  | [potion of mutation]
 29334 | Orc:2    | Gained mutation: You sometimes lose your temper in combat.
                  | [potion of mutation]
 29334 | Orc:2    | Gained mutation: You have supernaturally acute eyesight.
                  | (SInv) [potion of mutation]
 29334 | Orc:2    | Gained mutation: You expend magic power (3 MP) to
                  | strengthen your wands. [potion of mutation]
 29335 | Orc:2    | Lost mutation: You expend magic power (3 MP) to strengthen
                  | your wands. [potion of mutation]
 29335 | Orc:2    | Lost mutation: You have supernaturally acute eyesight.
                  | (SInv) [potion of mutation]
 29335 | Orc:2    | Lost mutation: You sometimes lose your temper in combat.
                  | [potion of mutation]
 29335 | Orc:2    | Gained mutation: Your flesh is cold resistant. (rC+)
                  | [potion of mutation]
 29335 | Orc:2    | Gained mutation: You sometimes lose your temper in combat.
                  | [potion of mutation]
 29336 | Orc:2    | Lost mutation: Your flesh is cold resistant. (rC+) [potion
                  | of mutation]
 29336 | Orc:2    | Lost mutation: You sometimes lose your temper in combat.
                  | [potion of mutation]
 29336 | Orc:2    | Gained mutation: Your mind is acute. (Int +4, Str/Dex -1)
                  | [potion of mutation]
 29336 | Orc:2    | Gained mutation: You are frail. (-10% HP) [potion of
                  | mutation]
 29336 | Orc:2    | Gained mutation: You are partially covered in large bone
                  | plates. (SH +4) [potion of mutation]
 29506 | Orc:2    | Reached skill level 20 in Fighting
 29509 | Orc:2    | Found Naig's Antique Armour Shoppe.
 29573 | Orc:2    | Found Inuicid's General Store.
 29574 | Orc:2    | Found Woikack's Jewellery Shoppe.
 29575 | Orc:2    | Found Jyixo's Antique Weapon Emporium.
 29590 | Orc:2    | Bought the ring "Iqaunt" {rElec rC+ Will+ Int+4} for 761
                  | gold pieces
 29665 | Elf:1    | Entered Level 1 of the Elven Halls
 29671 | Orc:2    | Paralysed by an air elemental for 1 turns
 29680 | Orc:2    | Paralysed by an air elemental for 1 turns
 29905 | Elf:1    | Reached XP level 17. HP: 111/111 MP: 17/17
 30064 | Elf:1    | HP: 5/111 [+2 glaive of protection (18)]
 30579 | Elf:1    | Found a portal to a secret trove of treasure.
 31108 | Elf:2    | Found a crumbling gateway.
 31110 | Elf:2    | Found a glowing silver altar of Zin.
 31110 | Elf:2    | Found a glowing golden altar of the Shining One.
 31163 | Elf:2    | Found a white marble altar of Elyvilon.
 31203 | Desolati | Entered the Desolation of Salt
 32279 | Desolati | Got the Compendium of the Mutable Black Widow
 32692 | Desolati | Reached skill level 15 in Maces & Flails
 32882 | Desolati | Got Sif Muna's Volume of Crystallized Illusion
 33395 | Desolati | Identified the +0 leather armour of the Game Afoot {Will+}
 33397 | Desolati | Identified the amulet of Sohiaskio {-Tele rPois Will+
                  | Regen+}
 33403 | Desolati | Identified the ring "Wyxourr" {AC+4 Stlth+}
 33459 | Desolati | Identified the staff of Uleynt {rElec Earth}
 33462 | Desolati | Identified the ring "Kovvoeda" {Fly rPois Str+3 Int-5
                  | Dex+5}
 33468 | Desolati | Got Kuin's Tractate on Therianthropy
 33470 | Desolati | Got the Handbook of Percussion
 34075 | Elf:2    | Found a runed translucent gate.
 34075 | Elf:2    | Found a runed translucent gate.
 34075 | Elf:2    | Found a runed translucent gate.
 34146 | Elf:2    | Reached XP level 18. HP: 116/117 MP: 18/18
 34332 | Elf:2    | Found the +7 Spriggan's Knife {stab, EV+4 Stlth+}
 34387 | Elf:2    | Paralysed by an air elemental for 1 turns
 34526 | Elf:2    | Reached skill level 21 in Fighting
 34850 | Elf:2    | Paralysed by an air elemental for 1 turns
 34857 | Elf:2    | Paralysed by an air elemental for 1 turns
 35162 | Elf:2    | Noticed a deep elf blademaster
 35211 | Elf:2    | Killed a deep elf blademaster
 35850 | Elf:3    | Entered Level 3 of the Elven Halls
 36052 | Elf:3    | Got the Directory of Bones
 36137 | Elf:3    | Found Gomoqiyn's Distillery.
 36140 | Elf:3    | Found Athegis's Weapon Shop.
 36140 | Elf:3    | Found Qiobuy's Weapon Boutique.
 36265 | Elf:3    | Found Vinur's Book Shop.
 36390 | Elf:3    | Noticed a Tzitzimitl
 36495 | Elf:3    | Found an ancient bone altar of Kikubaaqudgha.
 36591 | Elf:3    | Noticed a deep elf blademaster
 36652 | Elf:2    | HP: 3/118 [deep elf blademaster/+2 short sword of draining
                  | (14)]
 36656 | Elf:2    | Mangled by a deep elf blademaster

Illustrated notes

Levels and vault maps discovered:
D:1:      mrwooster_arrival_statue, layout_basic, serial_shops, shop
D:2:      layout_loops_ring, shapermc_ecumenical_altar_mp_urbaneastern,
          basic_altar
D:3:      layout_loops_corners
D:4:      layout_basic, mainiacjoe_overflow_tiny_flanked, serial_shops,
          nicolae_shop_scrapyard, minmay_misc_feat_x, sigmund_army
D:5:      layout_basic, nicolae_qazlal_beasts_of_the_sky,
          cheibrodos_sewer_entry_drain, nicolae_grassy_gnolls, uniq_sigmund,
          uniq_duvessa
D:6:      layout_loops_corners, kennysheep_mini_moat
D:7:      layout_layer_cave, minmay_temple_entry_slanted,
          uniq_crazy_yiuf_cottage
D:8:      layout_cave_pools, lemuel_coloured_pillars_altar, david_lair_generic
D:9:      layout_loops_corners, mainiacjoe_overflow_chevrons, st_stairs_4,
          grunt_tough_drop, uniq_erolcha, uniq_harold, uniq_joseph
D:10:     layout_layer_cave, old_standard_altar,
          mainiacjoe_overflow_six_doors_small, fungi_pond_lemuel,
          uniq_josephine, uniq_nergalle
D:11:     layout_long_grid, hellmonk_ghost_happy_afterlife, hangedman_ranch
D:12:     layout_stronghold, orc_0_dummy, gauntlet_entry_generic,
          ploomutoo_gammafunk_ghost_potion_laboratory, serial_ice, serial_ice_j,
          serial_ice_f, serial_ice_m, serial_ice_h,
          portal_ice_cave_entry_ice_simulacra, minmay_misc_feat_encased
D:13:     layout_stronghold
D:14:     minmay_razor_zed, layout_irregular_city,
          lightli_vaults_fourway_checkpoint, elyvilon_altar_1
D:15:     grunt_enter_depths_giant_problem, layout_small_grid,
          nicolae_kite_square_tiling_tiny, special_room [special_room_orc],
          hex_tiny, chequers_serial_rivers_small_3
Temple:   eino_wide_crystal_templ
Lair:1:   layout_long_grid, gammafunk_ghost_abyssal_escape,
          nicolae_volcano_entry_hallway, serial_forest, infiniplex_forest_end_2,
          infiniplex_forest_end_2, infiniplex_forest_corner_1,
          infiniplex_forest_clump_long, infiniplex_forest_split,
          infiniplex_forest_diagonal, infiniplex_forest_straight_4,
          infiniplex_forest_end_2
Lair:2:   layout_long_grid, swamp_mist_pool, spider_nest_entry_funnel_web,
          basic_altar, grunt_megastairs_1
Lair:3:   layout_roguey, serial_bayou, serial_bayou_pond_c, serial_bayou_ford_a,
          serial_bayou_pond_e, serial_bayou_crossing, serial_bayou_shore_a,
          serial_bayou_pond_c, grunt_megastairs_2
Lair:4:   layout_regular_city, nicolae_slime_entry_slimehenge
Lair:5:   minmay_lair_end_enchanted_forest, layout_loops_ring
Orc:1:    layout_caves, ebering_ghost_xom, nicolae_orc_rich_vein
Orc:2:    st_orc_congregation, layout_diamond_mine, lightli_orcish_oven,
          uniq_azrael
Elf:1:    layout_loops_ring, nicolae_trove_entry_isolated,
          minmay_elf_crystal_hexagon
Elf:2:    elven_hall_of_blades_hangedman_original
          [nicolae_blade_entry_sentries_behind_glass], layout_gridlike,
          portal_desolation_entry_holy_temple, minivault_16, laboratory
Elf:3:    elf_hall, layout_onion_city, basic_altar, dreamdust_princess_corridor,
          minmay_elf_necromancy, minmay_shoptagon

Skill      XL: |  1  2  3  4  5  6  7  8  9 10 11 12 13 14 15 16 17 18 |
---------------+-------------------------------------------------------+-----
Fighting       | 4 5 14 15 16 17 18 19 20 21 | 21.3
Armour         | 4 5 6 7 9 10 12 13 14 15 16 17 | 17.4
Shields        | 4 5 6 7 9 10 12 13 14 15 16 17 | 17.4
Maces & Flails | 3 4 5 6 8 9 10 12 13 14 15 | 15.9

Action                     |  1- 3 |  4- 6 |  7- 9 | 10-12 | 13-15 | 16-18 || total
---------------------------+-------+-------+-------+-------+-------+-------++-------
  Melee: Flail             |   150 |   216 |   356 |   579 |   635 |       ||  1936
         Demon whip        |       |       |       |       |  1075 |  2607 ||  3682
 Invoke: Call Merchant     |       |       |       |     1 |     2 |       ||     3
  Evoke: Wand              |       |       |       |    19 |       |       ||    19
    Use: Scroll            |       |     1 |    12 |    10 |     8 |     2 ||    33
         Potion            |       |       |     2 |       |     4 |    27 ||    33
   Stab: Distracted        |       |       |       |     2 |     4 |    11 ||    17
         Sleeping          |       |       |       |       |     2 |     5 ||     7
 Armour: Scale mail        |   113 |    16 |       |   193 |       |       ||   322
         Ring mail         |       |    98 |   126 |   118 |       |       ||   342
         Skin              |       |       |       |     4 |       |       ||     4
         Chain mail        |       |       |       |    97 |   638 |       ||   735
         Quicksilver drago |       |       |       |       |   200 |  1010 ||  1210
  Dodge: Dodged            |   152 |   137 |   161 |   351 |   536 |   480 ||  1817
  Block: Buckler           |    51 |     6 |       |       |       |       ||    57
         Kite shield       |       |    81 |   233 |   602 |  1557 |  1930 ||  4403
         Reflection        |       |       |     1 |     6 |    25 |    68 ||   100

Table legend: (Time is in decaauts)
 A = Elapsed time spent in this place.
 B = Non-inter-level travel time spent in this place.
 C = Inter-level travel time spent in this place.
 D = Time resting spent in this place.
 E = Time spent auto-exploring this place.
 F = Levels seen in this place.
 G = Mean time per level.
                   A        B        C        D        E       F      G
               +--------+--------+--------+--------+--------+-----+--------+
         Total |  35987 |  33462 |   2525 |   4217 |  18041 |  34 | 1058.4 |
       Dungeon |  18220 |  16354 |   1866 |    993 |  11009 |  15 | 1214.7 |
        Temple |     12 |     12 |      0 |      0 |      0 |   1 |   12.0 |
          Lair |   7503 |   7046 |    457 |   1010 |   3878 |   5 | 1500.6 |
  Orcish Mines |   2251 |   2191 |     60 |    278 |    825 |   2 | 1125.5 |
   Elven Halls |   3589 |   3448 |    141 |    303 |   1347 |   3 | 1196.3 |
         Abyss |    173 |    173 |      0 |    121 |      0 |   4 |   43.2 |
         Sewer |    429 |    429 |      0 |      0 |    258 |   1 |  429.0 |
       Volcano |    394 |    394 |      0 |    155 |     21 |   1 |  394.0 |
    Desolation |   2554 |   2554 |      0 |   1124 |    422 |   1 | 2554.0 |
      Gauntlet |    857 |    857 |      0 |    231 |    281 |   1 |  857.0 |
               +--------+--------+--------+--------+--------+-----+--------+

Top non-repeatable levels by time:
Desolation: 2554 daAuts
  Lair:5: 1955 daAuts
   Elf:2: 1863 daAuts
  Lair:1: 1759 daAuts
     D:9: 1758 daAuts
     D:4: 1607 daAuts
    D:12: 1600 daAuts
     D:7: 1508 daAuts
    D:10: 1460 daAuts
   Orc:2: 1351 daAuts
  Lair:4: 1294 daAuts
  Lair:2: 1274 daAuts
    D:13: 1233 daAuts
     D:3: 1225 daAuts
  Lair:3: 1219 daAuts
